 Dungeon Crawl Stone Soup version 0.23-a0-49-gd9f7a49 (webtiles) character file.

41434 Amnesiac the Earth Mage (level 13, -1/79 HPs)
             Began as a Mummy Earth Elementalist on Aug 6, 2018.
             Was the Champion of Vehumet.
             Slain by a hippogriff (2 damage)
             ... on level 2 of the Lair of Beasts.
             The game lasted 00:51:24 (23946 turns).

Amnesiac the Earth Mage (Mummy Earth Elementalist) Turns: 23946, Time: 00:51:25

Health: -1/79      AC:  5    Str: 11    XL:     13   Next: 80%
Magic:  4/32       EV: 12    Int: 30    God:    Vehumet [******]
Gold:   1594       SH:  5    Dex: 12    Spells: 17/43 levels left

rFire    + . .     SeeInvis .   a - +2 whip (elec)
rCold    + + .     Gourm    .   j - +0 buckler
rNeg     + + +     Faith    .   g - +1 robe {rC+ rF+}
rPois    ∞         Spirit   .   (no helmet)
rElec    .         Reflect  .   (no cloak)
rCorr    +         Harm     .   r - +0 pair of gloves
MR       +....                  c - +0 pair of boots
Stlth    ++........             (no amulet)
HPRegen  0.23/turn              x - +3 ring of intelligence
MPRegen  0.23/turn              y - ring of the Queen {rCorr rF+ Int+7}

@: no status effects
A: no food or potions, fire vulnerability, cold resistance 1, negative energy
resistance 3, torment resistance, unbreathing, in touch with death 1
a: Renounce Religion


You were on level 2 of the Lair of Beasts.
You worshipped Vehumet.
Vehumet was exalted by your worship.
You were not hungry.

You visited 5 branches of the dungeon, and saw 19 of its levels.

You collected 2129 gold pieces.
You spent 535 gold pieces at shops.

Inventory:

Hand Weapons
 a - a +2 whip of electrocution (weapon)
 b - a +0 blowgun
Missiles
 A - 178 stones (quivered)
 B - 56 poisoned needles
 D - 4 curare-tipped needles
Armour
 c - a +0 pair of boots (worn)
 g - a +1 robe of resistance (worn)
 j - a +0 buckler (worn)
 r - a +0 pair of gloves (worn)
Jewellery
 d - an uncursed ring of teleportation
 s - an uncursed ring of resist corrosion {unknown}
 u - an uncursed ring of see invisible
 w - an uncursed ring of protection from fire
 x - a +3 ring of intelligence (left hand)
 y - the ring of the Queen (right hand) {rCorr rF+ Int+7}
   (You bought it in a shop on level 2 of the Orcish Mines)

   [ring of resist corrosion]

   It affects your intelligence (+7).
   It protects you from fire.
 C - an uncursed ring of wizardry
Wands
 f - a wand of enslavement (11)
 l - a wand of polymorph (8)
Scrolls
 e - a scroll of torment {!r}
 h - 4 scrolls of amnesia {!r}
 i - 4 scrolls of magic mapping {!r}
 m - 6 scrolls of teleportation {!r}
 n - 2 scrolls of enchant armour {!r}
 o - a scroll of silence {!r}
 p - 2 scrolls of fog {!r}
 q - 2 scrolls of remove curse {!r}
 v - a scroll of identify {!r}
 z - a scroll of vulnerability {!r}
Miscellaneous
 k - a lightning rod (2/4)


   Skills:
 - Level 1.5 Dodging
 - Level 1.5 Stealth
 - Level 4.0 Shields
 + Level 15.6 Spellcasting
 - Level 0.7 Transmutations
 * Level 15.7 Earth Magic


You had 17 spell levels left.
You knew the following spells:

 Your Spells              Type           Power        Failure   Level  Hunger
a - Iron Shot             Conj/Erth      ######....   3%          6    N/A
b - Passwall              Tmut/Erth      ######..     1%          2    N/A
c - Stone Arrow           Conj/Erth      ######       1%          3    N/A
d - Lee's Rapid Deconstr  Erth           #######...   1%          5    N/A
e - Petrify               Tmut/Erth      ######..     1%          4    N/A
f - Sandblast             Erth           ######       0%          1    N/A
q - Yara's Violent Unrav  Hex/Tmut       ####......   13%         5    N/A

Your spell library contained the following spells:

 Spells                   Type           Power        Failure   Level  Hunger
 Apportation              Tloc           ###...       1%          1    N/A
 Summon Small Mammal      Summ           ###.         1%          1    N/A
 Animate Dead             Necr           N/A          19%         4    N/A
 Pain                     Necr           ####         1%          1    N/A
 Animate Skeleton         Necr           N/A          1%          1    N/A
 Dispel Undead            Necr           #####...     47%         5    N/A
 Corpse Rot               Necr           N/A          3%          2    N/A
 Confusing Touch          Hex            ###...       1%          1    N/A

Dungeon Overview and Level Annotations

Branches:
Dungeon (13/15)            Temple (1/1) D:6            Lair (2/6) D:10
    Orc (2/2) D:10            Elf (1/3) Orc:2
  Swamp: Lair:2-4    Shoals: Lair:2-4     Snake: Lair:2-4    Spider: Lair:2-4
 Vaults: D:13-14

Altars:
Ashenzari
Cheibriados
Dithmenos
Fedhas
Gozag
Hepliaklqana
Kikubaaqudgha
Makhleb
Nemelex Xobeh
Okawaru
Qazlal
Ru
Sif Muna
Trog
Uskayaw
Vehumet
Wu Jian
Xom
Yredelemnul
Zin
The Shining One
Beogh

Shops:
D:11 *   D:12 (([:   Orc:2 *%==

Annotations:
Orc:1 Saint Roka
Elf:1 Nikola


Innate Abilities, Weirdness & Mutations

You do not eat or drink.
Your flesh is vulnerable to fire.
You are immune to poison.
Your flesh is cold resistant. (rC+)
You are immune to negative energy. (rN+++)
You are immune to unholy pain and torment.
You can survive without breathing.
You are in touch with the powers of death.


Message History

The blast of rock fragments hits the adder.
You kill the adder!
Vehumet accepts your kill.
Vehumet offers you knowledge of Conjure Ball Lightning.
You feel your power returning.
You hear a loud, deep croak!
You hear a bellow!
Casting: Lee's Rapid Deconstruction (safe; 1% risk of failure)
Confirm with . or Enter, or press ? or * to list all spells.
Aiming: Lee's Rapid Deconstruction (safe; 1% risk of failure)
Press: ? - help, Dir - move target cursor A rock wall.
The wall shatters!
The blast of rock fragments hits the soldier ant.
The soldier ant is moderately wounded.
Vehumet accepts your kill.
You feel a bit more experienced.
Unknown command.
Evoke which item? (* to show all) (? for menu, Esc to quit)
Aiming: Enslavement
Press: ? - help, Shift-Dir - straight line, f - soldier ant
Aim: a soldier ant (moderately wounded, chance to defeat MR: 46%)
The soldier ant resists with some effort.
The soldier ant waves its antennae.
The soldier ant stings you.
* * * LOW HITPOINT WARNING * * *
The adder misses you. The adder bites you but does no damage.
An adder comes into view.
The adder hisses angrily.
A worker ant comes into view.
The adder bites you but does no damage.
You see here an adder corpse.
A hippogriff comes into view.
You see here a scroll of amnesia {!r}.
A bullfrog comes into view.
You block the adder's attack.
Found a scroll of fog.
The bullfrog releases a deep croak.
Really read
m - 8 scrolls of teleportation {!r}?
As you read the scroll of teleportation {!r}, it crumbles to dust.
You feel strangely unstable.
The adder bites the fungus.
The fungus is poisoned.
The adder poisons the fungus!
The worker ant bites you.
* * * LOW HITPOINT WARNING * * *
The bullfrog hits you.
* * * LOW HITPOINT WARNING * * *
The adder bites the fungus but does no damage.
You block the bullfrog's attack.
The adder bites the fungus.
The worker ant bites the fungus.
Your surroundings seem slightly different.
The adder bites something.
Found an escape hatch in the ceiling.
Found a stone staircase leading down.
Really read
m - 7 scrolls of teleportation {!r}?
As you read the scroll of teleportation {!r}, it crumbles to dust.
You feel strangely unstable.
Something bites the fungus!
Something bites the fungus.
The fungus is destroyed!
You block the bullfrog's attack.
Your surroundings suddenly seem different.
A worker ant comes into view.
The worker ant twitches its antennae in your direction.
The worker ant bites you.
* * * LOW HITPOINT WARNING * * *
A soldier ant comes into view. x2; A worker ant comes into view.
The hippogriff bites you.
You die...

...##.⌠.# #...#
....#...##...# .
.......FS...# .#
##..........# #.##
##.......### ####...##
###..a#.# ........#
#.⌠S### #####........
#...#a## #....a.......
##..#..#####..@...a....
##...a?##..aH.........
..##.#.a..†.#.#a<.......
....#.....#####†........
..........## #......P...
........%...###P......#..
?...........#P#††.#......
...............†##.####.#
.....%.......a## #.# #


You could see a hippogriff, 2 soldier ants and 2 worker ants.

Vanquished Creatures
  Josephine (Orc:1)
  Fannar (D:12)
  A hydra (Lair:1)
  A centaur warrior (D:13)
  2 two-headed ogres
  A queen ant (Lair:2)
  Urug (D:11)
  An unseen horror (D:13)
  Pikel (D:5)
  A wolf spider (Lair:2)
  A wolf spider zombie (D:12)
  2 ugly things (D:11)
  2 orc knights (Orc:2)
  5 deep elf magi
  9 orc sorcerers (Orc:2)
  A cyclops (Orc:1)
  2 black mambas
  A spiny frog (Lair:1)
  A gargoyle (D:13)
  A rime drake (Lair:1)
  A komodo dragon (Lair:1)
  A tengu conjurer (D:13)
  7 trolls
  2 hornets (Lair:2)
  6 hippogriffs
  11 slime creatures
  A shadow (D:11)
  A spriggan (D:10)
  A water elemental (Elf:1)
  4 wraiths
  2 vampires
  13 yaks
  Grum (D:8)
  An acid dragon (D:11)
  9 wargs
  2 water moccasins (Lair:1)
  3 soldier ants
  2 porcupines
  30 orc warriors
  A sky beast (D:6)
  4 slaves
  An ice beast (D:7)
  5 phantoms
  A black bear (D:8)
  A necrophage (D:5)
  An eye of draining (D:11)
  11 ogres
  31 wolves
  4 centaurs
  3 crocodiles (Lair:1)
  A gnoll sergeant (D:3)
  11 bullfrogs
  3 big kobolds
  11 killer bees
  4 wights (D:6)
  5 howler monkeys
  6 jellies
  3 centaur zombies
  9 crimson imps
  4 hounds
  4 bullfrog zombies
  2 quasits
  2 bullfrog skeletons
  A centaur skeleton (D:11)
  25 orc priests
  51 orc wizards
  3 gnoll shamans (D:3)
  4 iguanas
  20 worker ants
  A killer bee zombie (D:7)
  2 hound zombies
  2 hound skeletons
  A worker ant zombie (D:9)
  A howler monkey zombie (D:9)
  35 gnolls
  19 adders
  An ooze (D:3)
  2 adder skeletons
  3 worms (D:2)
  3 dart slugs
  6 leopard geckos
  148 orcs
  A ball python (D:4)
  4 bat skeletons (D:2)
  2 bat zombies (D:2)
  6 giant cockroaches
  2 goblins (D:3)
  8 hobgoblins
  25 jackals
  5 quokkas
  4 bats
  7 frilled lizards
  A giant cockroach zombie (D:5)
  17 kobolds
  A quokka skeleton (D:5)
  10 rats
  A fungus (Lair:1)
684 creatures vanquished.

Vanquished Creatures (others)
  4 fungi
4 creatures vanquished.

Grand Total: 688 creatures vanquished

Notes
Turn   | Place    | Note
-------+----------+-------------------------------------------
     0 | D:1      | Amnesiac the Mummy Earth Elementalist began the quest for the Orb.
     0 | D:1      | Reached XP level 1. HP: 13/13 MP: 4/4
   503 | D:3      | Found a shattered altar of Ashenzari.
   544 | D:3      | Reached XP level 2. HP: 6/19 MP: 3/5
   888 | D:4      | Noticed a phantom
   896 | D:4      | Noticed a howler monkey
   925 | D:5      | Entered Level 5 of the Dungeon
   949 | D:5      | Reached XP level 3. HP: 11/24 MP: 4/8
   953 | D:5      | Learned a level 2 spell: Passwall
   957 | D:5      | Learned a level 3 spell: Stone Arrow
  1061 | D:5      | Reached XP level 4. HP: 25/30 MP: 5/9
  1067 | D:5      | Learned a level 4 spell: Petrify
  1440 | D:4      | Reached XP level 5. HP: 35/35 MP: 6/11
  1896 | D:4      | Reached XP level 6. HP: 41/41 MP: 8/13
  1901 | D:4      | Reached skill level 5 in Spellcasting
  1901 | D:4      | Reached skill level 5 in Earth Magic
  1915 | D:4      | Learned a level 5 spell: Lee's Rapid Deconstruction
  2127 | D:4      | Reached XP level 7. HP: 16/46 MP: 1/15
  2333 | D:4      | Noticed a hippogriff
  2400 | D:4      | Killed a hippogriff
  3112 | D:5      | Reached XP level 8. HP: 52/52 MP: 8/18
  3496 | D:6      | Noticed Pikel
  3855 | D:5      | Killed Pikel
  3910 | D:6      | Found a deep blue altar of Sif Muna.
  4014 | D:6      | Reached XP level 9. HP: 40/57 MP: 7/21
  4064 | D:6      | Found a staircase to the Ecumenical Temple.
  4071 | Temple   | Entered the Ecumenical Temple
  4093 | Temple   | Became a worshipper of Vehumet
  4247 | D:2      | Found a blossoming altar of Fedhas.
  4343 | D:2      | Found an ancient bone altar of Kikubaaqudgha.
  4420 | D:2      | Found a burning altar of Makhleb.
  4529 | D:2      | Reached * piety under Vehumet
  4529 | D:2      | Offered knowledge of Magic Dart by Vehumet.
  6093 | D:3      | Found a hazy altar of Hepliaklqana.
  6183 | D:3      | Reached ** piety under Vehumet
  6184 | D:3      | Offered knowledge of Freeze by Vehumet.
  6515 | D:3      | Offered knowledge of Dazzling Spray by Vehumet.
  6704 | D:3      | Reached *** piety under Vehumet
  6822 | D:3      | Found an iron altar of Okawaru.
  7124 | D:6      | Offered knowledge of Static Discharge by Vehumet.
  7692 | D:7      | Reached skill level 10 in Earth Magic
  7701 | D:7      | Found a sparkling altar of Nemelex Xobeh.
  7714 | D:7      | Reached **** piety under Vehumet
  7728 | D:7      | Reached skill level 10 in Spellcasting
  8019 | D:7      | Found a sacrificial altar of Ru.
  8019 | D:7      | Found a hide-covered altar of Uskayaw.
  8071 | D:8      | Reached XP level 10. HP: 40/63 MP: 4/24
  8154 | D:8      | Offered knowledge of Force Lance by Vehumet.
  8292 | D:8      | Noticed Grum
  8320 | D:8      | Killed Grum
  8968 | D:9      | Reached ***** piety under Vehumet
  9020 | D:9      | Offered knowledge of Orb of Destruction by Vehumet.
  9035 | D:9      | Found a roughly hewn altar of Beogh.
  9233 | D:10     | Entered Level 10 of the Dungeon
  9336 | D:10     | Found a staircase to the Orcish Mines.
  9749 | D:10     | Identified the Volume of Black Secrets
  9795 | D:10     | Found a staircase to the Lair.
 10612 | D:11     | Found an ancient bone altar of Kikubaaqudgha.
 10685 | D:11     | Reached XP level 11. HP: 19/68 MP: 4/26
 10794 | D:11     | Found Usepu's Island Escapes.
 10859 | D:11     | Noticed a brown ugly thing
 10951 | D:11     | Offered knowledge of Iron Shot by Vehumet.
 11055 | D:11     | Learned a level 6 spell: Iron Shot
 11071 | D:11     | Killed a brown ugly thing
 11912 | D:12     | Noticed Fannar
 11912 | D:12     | Noticed a purple ugly thing
 11919 | D:11     | Killed a purple ugly thing
 12163 | D:12     | Noticed a deep elf mage
 12163 | D:12     | Noticed a two-headed ogre
 12165 | D:12     | Killed a deep elf mage
 12168 | D:12     | Killed a two-headed ogre
 12545 | D:12     | Found Sach's Armour Shop.
 12563 | D:12     | Found Ostibb's Book Emporium.
 12653 | D:12     | Noticed Urug
 12842 | D:11     | Killed Urug
 13266 | D:13     | Noticed a deep elf mage
 13337 | D:13     | Killed a deep elf mage
 13441 | D:13     | Reached XP level 12. HP: 74/74 MP: 12/29
 13444 | D:13     | Noticed a centaur warrior
 13451 | D:13     | Killed a centaur warrior
 13587 | D:13     | Noticed a two-headed ogre
 13592 | D:13     | Killed a two-headed ogre
 13730 | D:13     | Reached skill level 1 in Shields
 14602 | D:12     | Found Ykoif's Antique Weapon Shoppe.
 14629 | D:12     | Killed Fannar
 14637 | D:12     | Found Votie's Weapon Boutique.
 14891 | Orc:1    | Entered Level 1 of the Orcish Mines
 15134 | Orc:1    | Noticed Josephine
 15139 | Orc:1    | Killed Josephine
 15797 | Orc:2    | Entered Level 2 of the Orcish Mines
 15815 | Orc:2    | Offered knowledge of Bolt of Magma by Vehumet.
 15821 | Orc:2    | Paralysed by an orc sorcerer for 5 turns
 16560 | Orc:2    | Found a staircase to the Elven Halls.
 16947 | Orc:2    | Paralysed by an orc sorcerer for 2 turns
 17127 | Orc:2    | Gained mutation: You are in touch with the powers of death. [Mummy growth]
 17127 | Orc:2    | Reached XP level 13. HP: 42/79 MP: 13/31
 17330 | Orc:2    | Reached ****** piety under Vehumet
 17653 | Orc:2    | Offered knowledge of Yara's Violent Unravelling by Vehumet.
 17661 | Orc:2    | Learned a level 5 spell: Yara's Violent Unravelling
 18297 | Orc:2    | Found a roughly hewn altar of Beogh.
 18760 | Orc:2    | Noticed Saint Roka
 18814 | Orc:2    | Found Laeper's Jewellery Shoppe.
 18814 | Orc:2    | Found Cutal's Jewellery Shop.
 19119 | Orc:2    | Reached skill level 15 in Earth Magic
 19279 | Orc:2    | Found Uvuuv Fanu's Food Shoppe.
 19279 | Orc:2    | Found Zauguir's General Store.
 19535 | Orc:2    | Found a roughly hewn altar of Beogh.
 20478 | Orc:2    | Bought the ring of the Queen {rCorr rF+ Int+7} for 535 gold pieces
 21163 | Orc:2    | HP: 1/79 [Saint Roka/long sword of slicing (7)]
 21829 | Elf:1    | Entered Level 1 of the Elven Halls
 21835 | Elf:1    | Reached skill level 15 in Spellcasting
 21912 | Elf:1    | Noticed Nikola
 22149 | Lair:1   | Entered Level 1 of the Lair of Beasts
 23931 | Lair:2   | Offered knowledge of Conjure Ball Lightning by Vehumet.
 23941 | Lair:2   | HP: 2/79 [bullfrog (4)]
 23946 | Lair:2   | HP: 1/79 [worker ant (2)]
 23946 | Lair:2   | Slain by a hippogriff

Vault maps used:
D:1:      dpeg_arrival_simpleton_a
D:2:      overflow_temple_1_default, kennysheep_vampire_church, fedhas_altar_3
D:3:      lemuel_castle_with_subvaults, nicolae_overflow_crystal_walls,
          ashenzari_altar_1, okawaru_altar_gauntlet_db
D:5:      first_ration, serial_park_tiny_2, serial_bayou_ford_a
D:6:      lemuel_crystal_altar, temple_green, uniq_pikel
D:7:      overflow_temple_1_default, nicolae_overflow_hidden_temple
D:8:      uniq_grum
D:10:     lair_entry_dummy, orc_0_dummy, grunt_pizzeria
D:11:     basic_altar, nicolae_island_escapes
D:12:     serial_shops, nicolae_shop_temple_entry_statues_fountains, shop,
          kennysheep_little_box, shop, uniq_urug, uniq_fannar
Temple:   minmay_temple_bridge_abc
Lair:1:   grunt_forest_large_clearings, serial_bayou_shore_b,
          lemuel_fruit_fields
Lair:2:   minmay_lair_venomous_thicket, lightli_volcano_entry_magma_tube,
          ebering_ghost_xom, minmay_another_anthill, minmay_lair_oklob_chamber,
          grunt_megastairs_5
Orc:1:    uniq_josephine
Orc:2:    st_orc_town, basic_altar, uniq_saint_roka
Elf:1:    eino_elf_arrival_shootout, hangedman_elf_represent, uniq_roxanne,
          uniq_agnes, uniq_nikola

Skill      XL: |  1  2  3  4  5  6  7  8  9 10 11 12 13 |
---------------+----------------------------------------+-----
Earth Magic    | 3 4 5 6 8 10 11 13 14 15 | 15.7
Spellcasting   | 3 4 5 6 8 10 11 13 14 15 | 15.6
Shields        | 4 |  4.0
Dodging        | |  1.5
Stealth        | |  1.5
Transmutations | |  0.7

Action                   |  1- 3 |  4- 6 |  7- 9 | 10-12 | 13-15 || total
-------------------------+-------+-------+-------+-------+-------++-------
Melee: Unarmed           |    19 |       |       |       |       ||    19
       Short sword       |    10 |       |       |       |       ||    10
       Quarterstaff      |       |    24 |       |       |       ||    24
       Dagger            |       |       |    12 |       |       ||    12
       Whip              |       |       |     6 |   221 |    10 ||   237
 Fire: Hunting sling     |       |       |   194 |       |       ||   194
 Cast: Sandblast         |    16 |    70 |   168 |    38 |    26 ||   318
       Stone Arrow       |       |     2 |    29 |    79 |     1 ||   111
       Lee's Rapid Decon |       |       |    39 |   218 |   143 ||   400
       Passwall          |       |       |     9 |       |     3 ||    12
       Petrify           |       |       |     4 |    13 |    46 ||    63
       Iron Shot         |       |       |       |    41 |    15 ||    56
Evoke: Wand              |       |       |       |    13 |     4 ||    17
       Lightning rod     |       |       |       |       |     4 ||     4
  Use: Scroll            |       |     4 |     8 |     5 |     9 ||    26
 Stab: Petrified         |       |       |       |    16 |       ||    16
Armor: Robe              |     6 |     5 |    44 |       |    16 ||    71
       Leather armour    |       |       |     9 |     7 |       ||    16
       Troll leather arm |       |       |       |    90 |     3 ||    93
Dodge: Dodged            |    11 |    44 |   130 |   233 |    34 ||   452
Block: Buckler           |       |       |       |    25 |    12 ||    37

Table legend:
 A = Spawn XP
 B = Non-spawn XP
 C = Spawn XP percentage of total XP
 D = Spawn monster count
 E = Non-spawn monster count
 F = Spawn count percentage of total count
 G = Total turns spent on level
                    A         B        C        D         E        F      G
               +---------+---------+-------+---------+---------+-------+---------
         Total |       0 |   59192 |   0.0 |       0 |     679 |   0.0 | 23946
               +---------+---------+-------+---------+---------+-------+---------
           D:1 |       0 |      28 |   0.0 |       0 |      12 |   0.0 |  1128
           D:2 |       0 |      82 |   0.0 |       0 |      30 |   0.0 |  1047
           D:3 |       0 |     805 |   0.0 |       0 |      77 |   0.0 |  1598
           D:4 |       0 |     897 |   0.0 |       0 |      31 |   0.0 |  1622
           D:5 |       0 |    1312 |   0.0 |       0 |      23 |   0.0 |  1305
           D:6 |       0 |     861 |   0.0 |       0 |      15 |   0.0 |   745
           D:7 |       0 |    1388 |   0.0 |       0 |      29 |   0.0 |   788
           D:8 |       0 |    1216 |   0.0 |       0 |      22 |   0.0 |   585
           D:9 |       0 |    1221 |   0.0 |       0 |      50 |   0.0 |   670
          D:10 |       0 |    2204 |   0.0 |       0 |      34 |   0.0 |  1207
          D:11 |       0 |    7566 |   0.0 |       0 |      52 |   0.0 |  2598
          D:12 |       0 |    7165 |   0.0 |       0 |      38 |   0.0 |   897
          D:13 |       0 |    5259 |   0.0 |       0 |      28 |   0.0 |   963
        Lair:1 |       0 |    7420 |   0.0 |       0 |      44 |   0.0 |  1503
        Lair:2 |       0 |    3597 |   0.0 |       0 |      22 |   0.0 |    42
         Orc:1 |       0 |    4342 |   0.0 |       0 |      44 |   0.0 |  3036
         Orc:2 |       0 |   12014 |   0.0 |       0 |     124 |   0.0 |  4077
         Elf:1 |       0 |    1815 |   0.0 |       0 |       4 |   0.0 |    91
               +---------+---------+-------+---------+---------+-------+---------
